 Dungeon Crawl Stone Soup version 0.25.0-9-g26727b657a (webtiles) character file.

Game seed: 12151272157778675229

37 Esekla the Ducker (level 3, 0/20 HPs)
             Began as a Deep Elf Warper on June 20, 2020.
             Slain by a howler monkey (5 damage)
             ... on level 3 of the Dungeon.
             The game lasted 00:07:18 (584 turns).

Esekla the Ducker (Deep Elf Warper)                  Turns: 584, Time: 00:07:18

Health: 0/20       AC:  2    Str:  8    XL:     3   Next: 23%
Magic:  7/9        EV: 14    Int: 17    God:
Gold:   19         SH:  0    Dex: 15    Spells: 4/8 levels left

rFire    . . .     SeeInvis .   a - +0 falchion
rCold    . . .     Gourm    .   (no shield)
rNeg     . . .     Faith    .   b - +0 robe
rPois    .         Spirit   .   (no helmet)
rElec    .         Reflect  .   (no cloak)
rCorr    .         Harm     .   (no gloves)
MR       .....                  (no boots)
Stlth    +.........             k - amulet of regeneration
HPRegen  0.46/turn              (no ring)
MPRegen  0.11/turn              (no ring)

@: shrouded
A: no striking features
a: no special abilities


You were on level 3 of the Dungeon.
You were not hungry.

You visited 1 branch of the dungeon, and saw 4 of its levels.

You collected 19 gold pieces.

Inventory:

Hand Weapons
 a - a +0 falchion (weapon)
 i - a +1 dagger of holy wrath
Missiles
 e - 5 boomerangs of dispersal (quivered)
Armour
 b - a +0 robe (worn)
Jewellery
 k - an amulet of regeneration (around neck)
Wands
 g - a wand of acid (3)
 h - a wand of paralysis (7)
Scrolls
 d - a scroll of blinking
 j - a scroll of teleportation {unknown}
 l - 2 scrolls of identify {unknown}
Potions
 c - a potion of cancellation {unknown}
Comestibles
 f - 2 rations


   Skills:
 - Level 1.5 Fighting
 * Level 2.2 Long Blades
 + Level 1.0 Throwing
 - Level 0.7 Armour
 * Level 3.5 Dodging
 + Level 3.3 Spellcasting
 * Level 0.9 Charms
 + Level 3.4 Translocations


You had 4 spell levels left.
You knew the following spells:

 Your Spells              Type           Power        Failure   Level  Hunger
a - Shroud of Golubria    Chrm/Tloc      ##....       11%         2    ##.....
b - Blink                 Tloc           N/A          6%          2    ##.....

Your spell library contained the following spells:

 Spells                   Type           Power        Failure   Level  Hunger
 Gell's Gravitas          Tloc           ##........   12%         3    ###....
 Lesser Beckoning         Tloc           ##........   12%         3    ###....
 Teleport Other           Tloc           ##......     12%         3    ###....
 Passage of Golubria      Tloc           N/A          38%         4    ####...


Dungeon Overview and Level Annotations

Branches:
Dungeon (4/15)
 Temple: D:4-7

Altars:


Message History

The howler monkey closely misses you.
The howler monkey hoots and howls with incredible vigour!
A bat comes into view.
The bat misses you. The bat hits you. The bat barely misses you.
You riposte.
You hit the bat.
The bat is moderately wounded.
You barely miss the bat.
The bat is moderately wounded.
The bat misses you. The howler monkey hits you.
* * * LOW HITPOINT WARNING * * *
Casting: Shroud of Golubria (safe; 11% risk of failure)
Confirm with . or Enter, or press ? or * to list all spells.
Okay, then.
The howler monkey hits you.
* * * LOW HITPOINT WARNING * * *
Casting: Shroud of Golubria (safe; 11% risk of failure)
Confirm with . or Enter, or press ? or * to list all spells.
Space distorts slightly along a thin shroud covering your body.
The howler monkey hits you.
You die...

#<....#..........#..#
#####.#.##..........#
....).......#####.###.##
.####.####..# #.|o.....#
.# ### #..###.#.######
.# #......#l# .#
##.#####b# ## #.#####h#
#.....@.# #########


You could see a howler monkey, an orc, a bat and a frilled lizard.

Vanquished Creatures
  A hound zombie (D:3)
  An adder (D:2)
  An orc (D:3)
  A bat (D:2)
  A giant cockroach (D:2)
  3 goblins
  A hobgoblin (D:2)
  2 quokkas (D:2)
  A frilled lizard (D:2)
  A rat (D:2)
13 creatures vanquished.

Notes
Turn   | Place    | Note
-------+----------+-------------------------------------------
     0 | D:1      | Esekla the Deep Elf Warper began the quest for the Orb.
     0 | D:1      | Reached XP level 1. HP: 12/12 MP: 6/6
   124 | D:2      | Reached XP level 2. HP: 14/16 MP: 8/8
   129 | D:2      | Learned a level 2 spell: Shroud of Golubria
   132 | D:2      | Learned a level 2 spell: Blink
   511 | D:3      | Reached XP level 3. HP: 20/20 MP: 6/9
   584 | D:3      | Slain by a howler monkey

Illustrated notes

Levels and vault maps discovered:
D:1:      doesnt_arrival_eight_statues, layout_loops_ring
D:2:      layout_loops_cross, lemuel_coloured_pillars_altar, first_ration,
          hangedman_feature_mirror, chequers_serial_rivers_micro_c,
          grunt_decor_cap, feat_on_display
D:3:      layout_basic, nicolae_overflow_crystal_walls, minmay_mini_jars,
          uniq_grinder, uniq_terence
D:4:      layout_basic, uniq_natasha

Skill      XL: |  1 |
---------------+----+-----
Long Blades    | 2 |  2.2
Dodging        | 3 |  3.5
Fighting       | |  1.5
Throwing       | |  1.0
Armour         | |  0.7
Spellcasting   | |  3.3
Charms         | |  0.9
Translocations | |  3.4

Action                   || total
-------------------------++-------
Melee: Falchion          ||    62
 Cast: Shroud of Golubri ||    13
  Use: Scroll            ||     2
 Stab: Sleeping          ||     1
Armor: Robe              ||    11
Dodge: Dodged            ||    52
       Rpst.: Falchion   ||    14
